[Event "Titled Tuesday Blitz May 16 Early 2023"]
[White "Begunov, Konstantin"]
[Black "Buscar, Michael"]
[WhiteFideId "4118510"]
[BlackFideId "2603616"]
[WhiteElo "2050"]
[BlackElo "2010"]
[Result "1-0"]
[Round "10"]
[TimeControl "180+2"]
[Date "2023.05.16"]
[WhiteClock "0:00:08"]
[BlackClock "0:00:33"]

1. d4 d5 2. c4 e6 3. Nc3 c5 4. cxd5 exd5 5. Nf3 Nc6 6. g3 Nf6 7. Bg2 Be7 8. O-O O-O 9. Bg5 c4 10. b3 Qa5 11. Qc2 Be6 12. bxc4 dxc4 13. Rfd1 Bf5 14. e4 Bb4 15. Bxf6 gxf6 16. Nd5 Bg6 17. Qxc4 Bxe4 18. Nxf6+ Kg7 19. Nxe4 Rac8 20. Qd3 Ne7 21. Ne5 Rcd8 22. a3 Bd6 23. Nxd6 Rxd6 24. Be4 Rfd8 25. Qe3 Ng6 26. Nxg6 hxg6 27. d5 b6 28. Qd4+ Kg8 29. Re1 Re8 30. Kg2 Rd7 31. Qd3 Rde7 32. Kf1 f5 33. Bf3 Rxe1+ 34. Rxe1 Qxe1+ 35. Kg2 Qe5 36. d6 Rd8 37. d7 Kg7 38. Bc6 Kf6 39. h4 Ke7 40. a4 Qd6 41. Qe3+ Kf6 42. Bb5 Rxd7 43. Qg5+ Kf7 44. Bxd7 Qxd7 45. h5 Qd5+ 46. Kh2 gxh5 47. Qxh5+ Kf6 48. Qh6+ Ke5 49. Qg7+ Ke4 50. Qxa7 Qc5 51. Qb7+ Kd3 52. Qd7+ Ke2 53. f4 Qf2+ 54. Kh3 Qf1+ 55. Kh4 Qh1+ 56. Kg5 Qe4 57. Qxf5 Qxa4 58. Qe5+ Kf1 59. f5 b5 60. f6 Qa7 61. Qf4+ Kg1 62. f7 Qc5+ 63. Kg6 Qf8 64. Qe3+ Kg2 65. g4 b4 66. g5 Qd6+ 67. Kg7 Qd7 68. Qe4+ Kg3 69. Qxb4 Qc7 70. Qb3+ Kg4 71. g6 Qe5+ 72. Kg8 Qd6 73. f8=Q Qxg6+ 74. Qg7 Kh5 75. Qxg6+ Kxg6 76. Qb5 Kf6 77. Qd5 Ke7 78. Kg7 Ke8 79. Qe6+ Kd8 80. Qf7 Kc8 81. Kf6 Kd8 82. Ke6 Kc8 83. Kd6 Kd8 84. Kc6 Kc8 85. Qc7# 1-0


[Site "https://www.chess.com"]

[Event "Titled Tuesday Blitz May 16 Early 2023"]
[White "Jiganchine, Roman"]
[Black "Yosha_Iglesias"]
[WhiteFideId "2603667"]
[WhiteElo "2272"]
[BlackElo "2410"]
[Result "0-1"]
[Round "10"]
[TimeControl "180+2"]
[Date "2023.05.16"]
[WhiteClock "0:02:05"]
[BlackClock "0:01:46"]

1. e4 c5 2. Nf3 d6 3. Bb5+ Bd7 4. Bxd7+ Qxd7 5. c4 Nc6 6. d4 cxd4 7. Nxd4 Nf6 8. Nc3 g6 9. f3 Nxd4 10. Be3 Nc6 11. O-O Bg7 12. Nd5 O-O 13. h4 Ne5 14. c5 Nxd5 15. Qxd5 dxc5 16. Qxc5 Rfc8 17. Qb4 Nd3 18. Qb3 Nxb2 19. Rab1 Rc3 20. Qxb2 Rxe3 21. Qb4 Qd4 0-1


[Site "https://www.chess.com"]

[Event "Titled Tuesday Blitz May 16 Early 2023"]
[White "Pandey Srishti"]
[Black "Thiel, Thomas"]
[WhiteFideId "35093290"]
[BlackFideId "4615964"]
[WhiteElo "2123"]
[BlackElo "2213"]
[Result "1-0"]
[Round "10"]
[TimeControl "180+2"]
[Date "2023.05.16"]
[WhiteClock "0:00:22"]
[BlackClock "0:00:00"]

1. e4 d5 2. exd5 Nf6 3. d4 Nxd5 4. c4 Nb6 5. Nc3 e5 6. d5 Bb4 7. Be2 c6 8. Bd2 cxd5 9. cxd5 O-O 10. a3 Be7 11. Be3 Bf5 12. Nf3 Na6 13. O-O Nc5 14. Nxe5 Ne4 15. Bxb6 Qxb6 16. Nxe4 Bxe4 17. Nd7 Qg6 18. Bf3 Rfd8 19. Bxe4 Qxe4 20. Re1 Qh4 21. g3 Qg5 22. Re5 Rxd7 23. Rxg5 Bxg5 24. Qg4 Rxd5 25. Rd1 Rxd1+ 26. Qxd1 Rc8 27. Qd7 Rb8 28. Qc7 Re8 29. Qxb7 Bf6 30. Qxa7 Bxb2 31. a4 g6 32. a5 Re1+ 33. Kg2 Kg7 34. a6 Ra1 35. Qb6 Bf6 36. a7 h5 37. Qb7 1-0


[Site "https://www.chess.com"]

[Event "Titled Tuesday Blitz May 16 Early 2023"]
[White "Petrova, Irina"]
[Black "Kuchava, Ana"]
[WhiteFideId "14124122"]
[BlackFideId "13605348"]
[WhiteElo "2084"]
[BlackElo "2001"]
[Result "1-0"]
[Round "10"]
[TimeControl "180+2"]
[Date "2023.05.16"]
[WhiteClock "0:00:46"]
[BlackClock "0:00:01"]

1. e4 c5 2. Nf3 d6 3. Bb5+ Bd7 4. Bxd7+ Qxd7 5. O-O Nc6 6. Re1 Nf6 7. c3 e6 8. d4 cxd4 9. cxd4 d5 10. e5 Ne4 11. Nbd2 Nxd2 12. Bxd2 Be7 13. Rc1 Rc8 14. a3 O-O 15. Rc3 b5 16. h4 b4 17. Rd3 bxa3 18. bxa3 Qc7 19. h5 Na5 20. h6 g6 21. Bb4 Nc4 22. Rc3 Bxb4 23. axb4 Qe7 24. Qc1 Nb6 25. Rxc8 Rxc8 26. Qf4 Qxb4 27. Qf6 Qf8 28. Ng5 Nd7 29. Qf4 Rc7 30. Nf3 Nb6 31. Nh2 a5 32. Ng4 a4 33. Nf6+ Kh8 34. Ne8 Kg8 35. Nxc7 a3 36. Nb5 a2 37. Nd6 Nc4 38. Nxc4 dxc4 39. Ra1 Qb4 40. Qf6 Qb1+ 41. Kh2 Kf8 42. Qd8# 1-0


[Site "https://www.chess.com"]

[Event "Titled Tuesday Blitz May 16 Early 2023"]
[White "Smietanska, Wiktoria"]
[Black "Hajiyev, Kanan"]
[WhiteFideId "21869359"]
[BlackFideId "13404148"]
[WhiteElo "1995"]
[BlackElo "2103"]
[Result "0-1"]
[Round "10"]
[TimeControl "180+2"]
[Date "2023.05.16"]
[WhiteClock "0:01:37"]
[BlackClock "0:00:09"]

1. c4 e5 2. Nc3 Nf6 3. Nf3 Nc6 4. e4 Bc5 5. Nxe5 Nxe5 6. d4 Bb4 7. dxe5 Nxe4 8. Qf3 Nxc3 9. bxc3 Bc5 10. Qg3 O-O 11. Bh6 g6 12. Bxf8 Qxf8 13. Bd3 b6 14. Be4 Rb8 15. O-O Ba6 16. Bd3 Qh6 17. Kh1 Qd2 18. Rac1 Rf8 19. Rc2 Qh6 20. f4 f5 21. exf6 Rxf6 22. f5 Bd6 23. Qh3 Qxh3 24. gxh3 Bb7+ 25. Kg1 Bc5+ 26. Rff2 Rd6 27. Bf1 gxf5 28. Bg2 Rd1+ 29. Bf1 f4 30. h4 h5 31. h3 Rd6 32. Kh2 Bxf2 33. Rxf2 f3 34. Kg3 Rf6 35. Bd3 Kf8 36. Bc2 Ke7 37. Bd1 Rg6+ 38. Kf4 Rg2 39. Ke3 Rxf2 40. Kxf2 Kd6 41. Bxf3 Bxf3 42. Kxf3 Kc5 43. Kf4 Kxc4 44. Kg5 d5 45. Kxh5 Kxc3 46. Kg4 d4 47. h5 d3 48. h6 d2 49. h7 d1=Q+ 50. Kg5 Qd8+ 51. Kg6 Qh8 52. h4 c5 0-1


[Site "https://www.chess.com"]

[Event "Titled Tuesday Blitz May 16 Early 2023"]
[White "Gonzalez, Francisco Silva"]
[Black "Labussiere, Yago"]
[WhiteFideId "1512285"]
[BlackFideId "2186969"]
[WhiteElo "2074"]
[BlackElo "2160"]
[Result "0-1"]
[Round "10"]
[TimeControl "180+2"]
[Date "2023.05.16"]
[WhiteClock "0:00:00"]
[BlackClock "0:00:20"]

1. d4 Nf6 2. c4 g6 3. Nc3 d6 4. e4 Bg7 5. f3 O-O 6. Be3 c5 7. Nge2 cxd4 8. Nxd4 Nc6 9. Be2 Nxd4 10. Bxd4 a5 11. O-O Bd7 12. Nb5 Bxb5 13. cxb5 Nd7 14. Bxg7 Kxg7 15. Qd4+ Kg8 16. Rac1 Rc8 17. Kf2 Qb6 18. Ke3 Rc5 19. Rxc5 Nxc5 20. f4 e5 21. fxe5 dxe5 22. Qxe5 Ne6+ 23. Kf3 Nd4+ 24. Kf4 Nxe2+ 25. Kf3 Nd4+ 26. Kf4 Ne6+ 27. Kg3 Rd8 28. Qf6 Rd3+ 29. Kh4 Qd8 30. Qxd8+ Rxd8 31. Rf2 Rd4 32. Kg3 Rxe4 33. Rc2 Rb4 34. a3 Rxb5 35. h4 Kg7 36. Rd2 Rb3+ 37. Kf2 a4 38. g3 h6 39. Kg2 g5 40. hxg5 hxg5 41. Kf2 Kg6 42. Kg2 f5 43. Kf2 Kf6 44. Kg2 f4 45. gxf4 gxf4 46. Kf2 Ke5 47. Re2+ Kf5 48. Rc2 Ng5 49. Rc5+ Kg4 50. Rc2 Ne4+ 51. Kf1 f3 52. Kg1 Kg3 53. Kf1 Rd3 54. Ke1 f2+ 55. Ke2 Rf3 56. Kf1 Re3 57. Rc3 Nxc3 0-1


[Site "https://www.chess.com"]

[Event "Titled Tuesday Blitz May 16 Early 2023"]
[White "KorolDimitriy75"]
[Black "Rosh Jain"]
[BlackFideId "25789465"]
[WhiteElo "2476"]
[BlackElo "2233"]
[Result "0-1"]
[Round "10"]
[TimeControl "180+2"]
[Date "2023.05.16"]
[WhiteClock "0:00:00"]
[BlackClock "0:00:21"]

1. d4 Nf6 2. c4 e6 3. Nc3 Bb4 4. Qc2 d5 5. cxd5 exd5 6. Bg5 O-O 7. e3 c5 8. Nf3 Nc6 9. Be2 Bg4 10. dxc5 Bxf3 11. Bxf3 d4 12. Rd1 Qe7 13. a3 Ba5 14. Bxc6 dxc3 15. b4 bxc6 16. bxa5 Qe5 17. Bxf6 Qxf6 18. O-O Rfd8 19. g3 Qe5 20. Rfe1 Qxc5 21. a4 Qxa5 22. Rd4 c5 23. Rc4 Rd2 24. Qxc3 Qxc3 25. Rxc3 Rc8 26. Rec1 Rd5 27. Rc4 f5 28. Kg2 g6 29. h4 Kf7 30. Kf3 Ke6 31. e4 fxe4+ 32. Kxe4 Kd6 33. R1c2 Rf8 34. f4 Re8+ 35. Kf3 Rd3+ 36. Kg4 Ree3 37. Kg5 Rxg3+ 38. Kf6 Rd5 39. Re2 Rf5+ 40. Kg7 Rf3 41. Rd2+ Kc6 42. Rdc2 R3xf4 43. Kxh7 Rxc4 44. Rxc4 Rf6 45. Kg7 Rd6 46. Kf7 Kd5 47. Rg4 c4 48. Rxg6 Rxg6 49. Kxg6 c3 50. h5 c2 51. h6 c1=Q 52. h7 Qc3 0-1


[Site "https://www.chess.com"]

[Event "Titled Tuesday Blitz May 16 Early 2023"]
[White "Petrovic, Aleksa"]
[Black "Clawitter, Craig"]
[WhiteFideId "967629"]
[BlackFideId "2023105"]
[WhiteElo "2309"]
[BlackElo "2267"]
[Result "1-0"]
[Round "10"]
[TimeControl "180+2"]
[Date "2023.05.16"]
[WhiteClock "0:00:36"]
[BlackClock "0:00:06"]

1. e4 e6 2. d4 d5 3. Nd2 Be7 4. e5 c5 5. c3 Nh6 6. Ndf3 Nf5 7. dxc5 a5 8. Bd3 Na6 9. Bxf5 exf5 10. Ne2 Nxc5 11. O-O O-O 12. Ned4 Ne4 13. h3 a4 14. Qe2 a3 15. bxa3 Nxc3 16. Qd3 Ne4 17. Bb2 Qb6 18. Nb3 Bxa3 19. Bxa3 Rxa3 20. Qxd5 Be6 21. Qd4 Qa6 22. Nc5 Nxc5 23. Qxc5 Rxa2 24. Rab1 Rc8 25. Qe7 Bd5 26. Rfd1 Bxf3 27. Qd8+ 1-0


[Site "https://www.chess.com"]

[Event "Titled Tuesday Blitz May 16 Early 2023"]
[White "Rios Escobar, Adan"]
[Black "Rodriguez Santiago, Jaime"]
[WhiteFideId "3403645"]
[BlackFideId "3100898"]
[WhiteElo "2463"]
[BlackElo "2025"]
[Result "1-0"]
[Round "10"]
[TimeControl "180+2"]
[Date "2023.05.16"]
[WhiteClock "0:01:23"]
[BlackClock "0:00:40"]

1. d4 Nf6 2. g3 e6 3. c4 d5 4. Nf3 dxc4 5. Bg2 c5 6. O-O Nc6 7. dxc5 Qxd1 8. Rxd1 Bxc5 9. Nbd2 c3 10. bxc3 O-O 11. Nb3 Be7 12. c4 Bd7 13. Bb2 Rfc8 14. Rac1 Be8 15. Nfd4 a5 16. Nb5 a4 17. N3d4 Bc5 18. Nxc6 Bxc6 19. Nd6 Bxd6 20. Rxd6 Bxg2 21. Kxg2 a3 22. Be5 b5 23. Bxf6 gxf6 24. c5 b4 25. Rb6 Ra5 26. c6 Rc7 27. Rb7 Ra7 28. Rxa7 Rxa7 29. c7 1-0


[Site "https://www.chess.com"]

[Event "Titled Tuesday Blitz May 16 Early 2023"]
[White "Zaksaite, Salomeja"]
[Black "Balla, Tamas-Kristof"]
[WhiteFideId "12801496"]
[BlackFideId "1208497"]
[WhiteElo "2059"]
[BlackElo "2334"]
[Result "1-0"]
[Round "10"]
[TimeControl "180+2"]
[Date "2023.05.16"]
[WhiteClock "0:00:14"]
[BlackClock "0:00:00"]

1. e4 c6 2. d4 d5 3. exd5 cxd5 4. Bd3 Nc6 5. c3 Nf6 6. Bf4 Bg4 7. Qb3 Qc8 8. Ne2 e6 9. O-O Be7 10. Ng3 Nh5 11. Nxh5 Bxh5 12. Na3 a6 13. Nc2 O-O 14. Ne3 b5 15. Qc2 Bg6 16. a4 b4 17. Bxg6 hxg6 18. Rac1 bxc3 19. bxc3 Na5 20. c4 dxc4 21. Nxc4 Nxc4 22. Qxc4 Qd7 23. Rfd1 Rfc8 24. Qb3 Rxc1 25. Bxc1 Bf6 26. d5 Rd8 27. d6 Be5 28. Bg5 f6 29. Be3 Kf7 30. Bb6 Rb8 31. a5 Bxd6 32. Qd3 Ke7 33. Qxa6 Bxh2+ 34. Kxh2 Qxd1 35. Qa7+ Kf8 36. Qxb8+ Kf7 37. Qb7+ Kg8 38. Qf3 Qa1 39. g3 g5 40. Qb3 Kf7 41. Qc4 Qb2 42. Be3 Qa3 43. a6 g4 44. a7 1-0


[Site "https://www.chess.com"]

[Event "Titled Tuesday Blitz May 16 Early 2023"]
[White "Papayan, Oleg"]
[Black "Chakravarthi Reddy, M"]
[WhiteFideId "4193911"]
[BlackFideId "25009532"]
[WhiteElo "2171"]
[BlackElo "2201"]
[Result "1-0"]
[Round "10"]
[TimeControl "180+2"]
[Date "2023.05.16"]
[WhiteClock "0:00:33"]
[BlackClock "0:00:12"]

1. e4 c5 2. d4 cxd4 3. Qxd4 Nc6 4. Qd3 Nf6 5. Nc3 g6 6. Nf3 d6 7. Be2 Bg7 8. O-O O-O 9. Nd5 Bg4 10. c3 Bxf3 11. Qxf3 Ne5 12. Qg3 Nxe4 13. Qh4 Nf6 14. Nf4 Rc8 15. Nh3 h5 16. Be3 a6 17. Rad1 Nfg4 18. Bg5 f6 19. Bc1 Qe8 20. f3 g5 21. Qe1 Nh6 22. f4 gxf4 23. Nxf4 Qa4 24. Ne6 f5 25. Qg3 Neg4 26. Nxg7 Kxg7 27. h3 Qxa2 28. hxg4 Nxg4 29. Qh4 Qe6 30. Qg5+ Qg6 31. Qxe7+ Rf7 32. Qh4 d5 33. Rxd5 Qb6+ 34. Kh1 Rd8 35. Rxd8 1-0


[Site "https://www.chess.com"]

[Event "Titled Tuesday Blitz May 16 Early 2023"]
[White "DubiousM0ves532"]
[Black "mjelcic"]
[WhiteElo "2421"]
[BlackElo "2249"]
[Result "0-1"]
[Round "10"]
[TimeControl "180+2"]
[Date "2023.05.16"]
[WhiteClock "0:00:00"]
[BlackClock "0:00:23"]

1. Nf3 c6 2. c4 d5 3. cxd5 cxd5 4. d4 Nf6 5. Nc3 Nc6 6. Bf4 a6 7. e3 Bf5 8. Be2 e6 9. O-O Bd6 10. Bg3 O-O 11. Rc1 Rc8 12. Na4 Bxg3 13. hxg3 Ne4 14. Nc5 Nxc5 15. Rxc5 Qd6 16. Qd2 Ne7 17. Rfc1 Rc6 18. Rxc6 Nxc6 19. Qc3 h6 20. Qc5 Qxc5 21. Rxc5 Rc8 22. Kf1 Ne7 23. Ke1 Kf8 24. b4 Rxc5 25. dxc5 Nc6 26. a3 e5 27. Kd2 Ke7 28. Kc3 f6 29. Bd1 Be4 30. Bc2 Bxc2 31. Kxc2 Ke6 32. Kc3 h5 33. a4 g5 34. b5 axb5 35. axb5 Ne7 36. Kb4 g4 37. Nd2 f5 38. Ka5 Nc8 39. b6 d4 40. exd4 exd4 41. Kb5 Kd5 42. Nc4 d3 43. Ne3+ Ke4 44. c6 bxc6+ 45. Kxc6 Nxb6 46. Kxb6 f4 47. gxf4 Kxf4 48. Kc5 h4 49. Kd4 h3 50. gxh3 gxh3 51. Kxd3 h2 52. Ng2+ Ke5 53. f4+ Kf6 0-1


[Site "https://www.chess.com"]

[Event "Titled Tuesday Blitz May 16 Early 2023"]
[White "LangesNasenhaar"]
[Black "rionelG"]
[WhiteElo "2414"]
[BlackElo "2232"]
[Result "1-0"]
[Round "10"]
[TimeControl "180+2"]
[Date "2023.05.16"]
[WhiteClock "0:00:19"]
[BlackClock "0:00:00"]

1. d4 Nf6 2. Nc3 d5 3. Bf4 e6 4. Nb5 Na6 5. e3 Be7 6. Nf3 O-O 7. a3 c6 8. Nc3 c5 9. Be2 Nb8 10. h3 Nc6 11. O-O a6 12. Ne5 Nd7 13. Nxd7 Bxd7 14. Bh2 b5 15. dxc5 Bxc5 16. e4 d4 17. Nb1 Qb6 18. Nd2 e5 19. Bd3 b4 20. a4 Na5 21. b3 Rfe8 22. f4 f6 23. fxe5 fxe5 24. Qh5 g6 25. Qg5 Qc7 26. Rf6 Be7 27. Rxg6+ hxg6 28. Qxg6+ Kh8 29. Qh5+ Kg8 30. Bxe5 Qc6 31. Nc4 Bf6 32. Qg6+ Kf8 33. Bxf6 Re6 34. e5 1-0


[Site "https://www.chess.com"]

[Event "Titled Tuesday Blitz May 16 Early 2023"]
[White "Shubenkova, Veronika"]
[Black "Quirke, Jeffrey"]
[WhiteFideId "44124040"]
[BlackFideId "2013029"]
[WhiteElo "2060"]
[BlackElo "2231"]
[Result "1/2-1/2"]
[Round "10"]
[TimeControl "180+2"]
[Date "2023.05.16"]
[WhiteClock "0:01:01"]
[BlackClock "0:00:09"]

1. d4 e6 2. Nf3 c5 3. c3 Nf6 4. g3 b6 5. Bg2 Bb7 6. O-O Be7 7. Nbd2 O-O 8. Re1 d5 9. Ne5 Nbd7 10. f4 cxd4 11. cxd4 b5 12. e3 Qb6 13. g4 Nxe5 14. fxe5 Nd7 15. Nf3 f6 16. exf6 Nxf6 17. Ne5 Rad8 18. Qd3 Ne4 19. Rf1 Rxf1+ 20. Bxf1 a6 21. Bd2 Bd6 22. Bg2 Bxe5 23. dxe5 Nxd2 24. Qxd2 d4 25. exd4 Bxg2 26. Qxg2 Qxd4+ 27. Kh1 Qxe5 28. Rf1 h6 29. h3 Rd3 30. Rc1 Kh7 31. Qc2 Qe4+ 32. Kh2 Re3 33. Qxe4+ Rxe4 34. Rc2 Kg6 35. Kg3 Kf6 36. Kf3 Re1 37. Rc6 Rb1 38. b3 a5 39. Ra6 a4 40. bxa4 bxa4 41. Rxa4 Rh1 42. Kg2 Ra1 43. Ra6 g6 44. a4 h5 45. gxh5 gxh5 46. Kg3 Kf5 47. Kh4 e5 48. Kxh5 e4 49. h4 e3 50. Ra5+ Kf4 51. Ra8 e2 52. Rf8+ Kg3 53. Rg8+ Kh3 54. Re8 e1=Q 55. Rxe1 Rxe1 56. Kg5 Ra1 57. h5 Rxa4 58. h6 Ra8 59. h7 Kg3 60. Kg6 Kg4 61. Kg7 Kg5 62. h8=Q Rxh8 63. Kxh8 1/2-1/2


[Site "https://www.chess.com"]

[Event "Titled Tuesday Blitz May 16 Early 2023"]
[White "Fernandez Siles, Luis"]
[Black "Fernandez Hernandez, Gerardo"]
[WhiteFideId "2209420"]
[BlackFideId "2207400"]
[WhiteElo "2195"]
[BlackElo "2187"]
[Result "1/2-1/2"]
[Round "10"]
[TimeControl "180+2"]
[Date "2023.05.16"]
[WhiteClock "0:00:15"]
[BlackClock "0:00:18"]

1. d4 Nf6 2. c4 c5 3. d5 g6 4. Nc3 Bg7 5. e4 O-O 6. f4 d6 7. Nf3 Bg4 8. Bd3 e6 9. dxe6 fxe6 10. h3 Bxf3 11. Qxf3 Nc6 12. O-O Nd4 13. Qg3 Nh5 14. Qe1 Qd7 15. Bd2 e5 16. f5 gxf5 17. exf5 Nxf5 18. Bxf5 Rxf5 19. Rxf5 Qxf5 20. g4 Qg6 21. Nd5 Re8 22. Qh4 Nf4 23. Bxf4 exf4 24. Ne7+ Rxe7 25. Qxe7 Bd4+ 26. Kh1 Qd3 27. Qe6+ Kg7 28. Qe7+ Kg8 29. Qe8+ Kg7 30. Qe7+ Kg8 1/2-1/2


[Site "https://www.chess.com"]

[Event "Titled Tuesday Blitz May 16 Early 2023"]
[White "Dishman, Stephen"]
[Black "KSho99"]
[WhiteFideId "403024"]
[WhiteElo "2204"]
[BlackElo "2166"]
[Result "1-0"]
[Round "10"]
[TimeControl "180+2"]
[Date "2023.05.16"]
[WhiteClock "0:01:32"]
[BlackClock "0:00:00"]

1. c4 e5 2. g3 c6 3. d4 e4 4. Nc3 d5 5. Qb3 Nf6 6. Bg5 dxc4 7. Qxc4 Be6 8. Qa4 b5 9. Qd1 Qa5 10. Bxf6 gxf6 11. Bg2 f5 12. a3 Nd7 13. Nh3 h5 14. O-O h4 15. Nf4 Bd6 16. Nxe6 fxe6 17. Qb3 Ke7 18. Rac1 Qd8 19. e3 Qg8 20. Ne2 Qh7 21. Rfe1 hxg3 22. hxg3 Qh2+ 23. Kf1 Rag8 24. Rxc6 Nf6 25. Qxb5 Nd5 26. Qb7+ Kf6 27. Rxd6 Rxg3 28. Nxg3 1-0


[Site "https://www.chess.com"]

[Event "Titled Tuesday Blitz May 16 Early 2023"]
[White "Kiseljova, Marya"]
[Black "Korpics, Zsolt"]
[WhiteFideId "4155009"]
[BlackFideId "705241"]
[WhiteElo "1831"]
[BlackElo "2341"]
[Result "1/2-1/2"]
[Round "10"]
[TimeControl "180+2"]
[Date "2023.05.16"]
[WhiteClock "0:00:02"]
[BlackClock "0:00:06"]

1. d4 Nf6 2. c4 e6 3. Bf4 Bb4+ 4. Nd2 c5 5. e3 Ne4 6. Nf3 O-O 7. a3 Bxd2+ 8. Nxd2 Nxd2 9. Qxd2 cxd4 10. exd4 d5 11. c5 Nc6 12. Bd3 f6 13. Bd6 Re8 14. O-O e5 15. dxe5 fxe5 16. Bc2 Be6 17. Rae1 Qf6 18. b4 a6 19. a4 Bf7 20. Bb3 Nd4 21. Ba2 h5 22. Bxe5 Rxe5 23. Rxe5 Qxe5 24. Re1 Qf6 25. Rd1 Re8 26. h3 Ne2+ 27. Kh1 Qxf2 28. Bxd5 Ng3+ 29. Kh2 Nf1+ 30. Rxf1 Qxf1 31. Bxb7 h4 32. Bf3 Qc4 33. c6 Qe6 34. b5 axb5 35. axb5 Qe5+ 36. Kh1 Qxb5 37. c7 Qb1+ 38. Kh2 Qf5 39. Qd8 Qc8 40. Qd6 Rf8 41. Bg4 Qe8 42. c8=Q Qxc8 43. Bxc8 Rxc8 44. Qf4 Re8 45. Qxh4 Re6 46. Qg3 Rg6 47. Qb8+ Kh7 48. Qb1 Kh6 49. h4 Rf6 50. g3 Bg6 51. Qc1+ Kh7 52. g4 Bf7 53. Kg3 Ra6 54. h5 Rf6 55. Qc2+ Kg8 56. Qc8+ Kh7 57. Kh4 Rf1 58. Kg5 Bg8 59. Qc2+ Kh8 60. Qg6 Rf6 61. Qe4 Rh6 62. Kh4 Rf6 63. g5 Rf7 64. g6 Rc7 65. Qe8 Rc4+ 66. Kg3 Rc3+ 67. Kf4 Rc4+ 68. Ke3 Rc3+ 69. Kd4 Rh3 70. Qe5 Rh4+ 71. Kc5 Rc4+ 72. Kd6 Ra4 73. Qc5 Ra6+ 74. Ke5 Rf6 75. Qe7 Rf1 76. Qd8 Re1+ 77. Kf4 Rh1 78. Kg5 Rg1+ 79. Kf4 Ra1 80. Qg5 Ra4+ 81. Kg3 Ra3+ 82. Kf4 Rd3 83. Ke4 Ra3 84. Qd8 Ra4+ 85. Ke5 Rg4 86. Kf5 Rg1 87. Qb8 Rd1 88. h6 Rd5+ 89. Ke4 gxh6 90. Qc7 Rg5 91. Qd6 Kg7 92. Kf4 Rxg6 93. Qe7+ Bf7 94. Qe5+ Rf6+ 95. Kg4 Kg6 96. Qe4+ Kg7 97. Qe5 Be6+ 98. Kh4 Kf7 99. Kh5 Rf5+ 100. Qxf5+ Bxf5 101. Kxh6 1/2-1/2


[Site "https://www.chess.com"]

[Event "Titled Tuesday Blitz May 16 Early 2023"]
[White "Hinds, Nathan"]
[Black "Floresvillar Gonzalez, Luis Migu"]
[WhiteFideId "7400730"]
[BlackFideId "5100542"]
[WhiteElo "2001"]
[BlackElo "2040"]
[Result "1-0"]
[Round "10"]
[TimeControl "180+2"]
[Date "2023.05.16"]
[WhiteClock "0:00:02"]
[BlackClock "0:00:00"]

1. Nf3 d5 2. d4 c6 3. c4 Bf5 4. g3 e6 5. Bg2 Nd7 6. O-O Ngf6 7. Nc3 Be7 8. b3 O-O 9. Nh4 Be4 10. Nxe4 Nxe4 11. Nf3 f5 12. Bb2 a5 13. a4 Bb4 14. Qc2 Qe7 15. e3 h6 16. Ne5 Nxe5 17. dxe5 Rac8 18. f3 Ng5 19. Rad1 Rfd8 20. Bc3 Bxc3 21. Qxc3 Qc5 22. Rfe1 Rd7 23. Kf1 Rcd8 24. Ke2 Kf7 25. h4 Nh7 26. f4 Nf8 27. h5 Rc7 28. Rd2 Nd7 29. Red1 Nb6 30. Rc2 Rcd7 31. cxd5 Qxc3 32. Rxc3 Nxd5 33. Bxd5 Rxd5 34. Rxd5 Rxd5 35. Rd3 Rxd3 36. Kxd3 b6 37. e4 fxe4+ 38. Kxe4 Ke7 39. Kd4 Kd7 40. g4 Ke7 41. Kc4 Kd7 42. f5 exf5 43. gxf5 Ke7 44. b4 axb4 45. Kxb4 Kd7 46. a5 c5+ 47. Kb5 bxa5 48. Kxa5 Kc6 49. e6 Kd6 50. Kb5 g6 51. fxg6 Kxe6 52. Kxc5 Kf6 53. Kd5 Kg7 54. Ke5 Kg8 55. Kf6 Kf8 56. Ke6 Kg8 57. Ke7 Kg7 58. Ke6 Kg8 59. Kd7 1-0


[Site "https://www.chess.com"]

[Event "Titled Tuesday Blitz May 16 Early 2023"]
[White "Brown, Raehanna"]
[Black "Fajdetic, Hrvoje"]
[WhiteFideId "7402740"]
[BlackFideId "14501945"]
[WhiteElo "1655"]
[BlackElo "2185"]
[Result "1-0"]
[Round "10"]
[TimeControl "180+2"]
[Date "2023.05.16"]
[WhiteClock "0:00:13"]
[BlackClock "0:00:00"]

1. c4 e5 2. Nc3 f5 3. g3 d6 4. Bg2 Nf6 5. d3 Be7 6. e3 O-O 7. Nge2 c6 8. O-O Qe8 9. f4 Qh5 10. Qd2 a5 11. b3 Na6 12. Ba3 Nb4 13. Rad1 Kh8 14. Bb2 Bd8 15. Na4 Rb8 16. fxe5 dxe5 17. Bxe5 Ng4 18. Bxg7+ Kxg7 19. h3 Nf6 20. Nf4 Qf7 21. Qb2 b5 22. cxb5 cxb5 23. Nc5 Bb6 24. d4 Kg8 25. a3 Nbd5 26. Rfe1 Nxf4 27. gxf4 Bxc5 28. dxc5 Ne4 29. Kh1 Be6 30. Bxe4 h6 31. Bf3 Kh7 32. Rg1 Bxb3 33. Rd6 Rg8 34. c6 Rxg1+ 35. Kxg1 Qg7+ 36. Qxg7+ Kxg7 37. Rd7+ Kf6 38. c7 Rc8 39. Bb7 Rg8+ 40. Kf2 Be6 41. Rd8 1-0


[Site "https://www.chess.com"]

[Event "Titled Tuesday Blitz May 16 Early 2023"]
[White "Llanos, Guillermo"]
[Black "dDobravcan"]
[WhiteFideId "100358"]
[WhiteElo "2225"]
[BlackElo "2146"]
[Result "1-0"]
[Round "10"]
[TimeControl "180+2"]
[Date "2023.05.16"]
[WhiteClock "0:00:20"]
[BlackClock "0:00:00"]

1. Nf3 d6 2. d4 Bg4 3. e4 c6 4. Be2 Nf6 5. Nc3 e6 6. Be3 Be7 7. O-O O-O 8. a4 a5 9. Nd2 Bxe2 10. Qxe2 d5 11. e5 Nfd7 12. f4 c5 13. f5 cxd4 14. Bxd4 Nc6 15. Nb5 Nxd4 16. Nxd4 Qb6 17. Nb3 Rfe8 18. fxe6 fxe6 19. Kh1 Bf8 20. Rae1 g6 21. h4 Bg7 22. h5 Nxe5 23. hxg6 hxg6 24. c3 Nf7 25. Nb5 e5 26. Qg4 Nh6 27. Qd7 Rad8 28. Qh3 Nf5 29. g4 Nd6 30. Qf3 e4 31. Qf4 Nxb5 32. Qf7+ Kh7 33. Re2 1-0


[Site "https://www.chess.com"]

[Event "Titled Tuesday Blitz May 16 Early 2023"]
[White "littlepillow2010"]
[Black "Suduvasachmatai"]
[WhiteElo "2325"]
[BlackElo "2138"]
[Result "1-0"]
[Round "10"]
[TimeControl "180+2"]
[Date "2023.05.16"]
[WhiteClock "0:01:21"]
[BlackClock "0:01:02"]

1. e4 c5 2. Nf3 d6 3. d4 cxd4 4. Nxd4 Nf6 5. Nc3 a6 6. Be3 e6 7. f4 Be7 8. Be2 O-O 9. O-O e5 10. fxe5 dxe5 11. Nf5 Bxf5 12. Rxf5 Nc6 13. Rf1 Nd4 14. Bd3 b5 15. Bg5 Bc5 16. Kh1 Be7 17. Bxf6 Bxf6 18. Nd5 Be7 19. c3 Ne6 20. a4 bxa4 21. Qxa4 Nc5 22. Qc2 a5 23. Bc4 a4 24. Rad1 Qd6 25. Nf6+ Qxf6 26. Rxf6 Bxf6 27. Bd5 Rab8 28. g3 Nb3 29. Bxb3 axb3 30. Qe2 g6 31. h4 Ra8 32. Qc4 Ra2 33. Qxb3 Rfa8 34. Rd7 Ra1+ 35. Kg2 Rf8 36. c4 Re1 37. c5 Rxe4 38. c6 Rd4 39. Rxd4 exd4 40. c7 Be5 41. Qb7 d3 42. c8=Q Rxc8 43. Qxc8+ Kg7 44. b3 d2 45. Qd7 1-0


[Site "https://www.chess.com"]

[Event "Titled Tuesday Blitz May 16 Early 2023"]
[White "Karthik Sai Ch"]
[Black "Cramling Bellon, Anna"]
[WhiteFideId "46649484"]
[BlackFideId "32009232"]
[WhiteElo "2003"]
[BlackElo "1976"]
[Result "0-1"]
[Round "10"]
[TimeControl "180+2"]
[Date "2023.05.16"]
[WhiteClock "0:01:12"]
[BlackClock "0:00:02"]

1. e4 c5 2. Nf3 e6 3. b3 d5 4. Bb5+ Nc6 5. exd5 exd5 6. Qe2+ Be7 7. Bb2 d4 8. Ne5 Bd7 9. Nxd7 Qxd7 10. O-O Nf6 11. c3 O-O 12. Bxc6 bxc6 13. cxd4 cxd4 14. Na3 Nd5 15. Nc4 Nf4 16. Qf3 Bg5 17. h4 Bh6 18. Ne5 Qe7 19. Nxc6 Ne2+ 20. Kh2 Qxh4+ 21. Qh3 Qf6 22. Nb4 Nf4 23. Qg4 Rfe8 24. g3 Re5 25. gxf4 Bxf4+ 26. Kg2 Rg5 27. f3 Bxd2 28. Nd5 Rxg4+ 29. fxg4 Qg5 30. Nc7 Qxg4+ 31. Kf2 Be3+ 32. Ke1 Qg3+ 33. Kd1 Qxc7 34. Ke2 Qh2+ 35. Kd3 Qd2+ 36. Ke4 Re8+ 37. Kd5 Qa5+ 38. Kc4 Qa6+ 39. Kb4 Rb8+ 40. Kc5 Qb5+ 41. Kd6 Rd8+ 42. Kc7 Qd7# 0-1


[Site "https://www.chess.com"]